cohdb
Replays
Latest Replays
All Replays
Popular Replays
Top Player Replays
Match Explorer
How It Works
Community
CoH3 Stats
Reddit
Sign in to upload your games and track your stats! →
Sign in with Steam
Match 42107894
Unlisted
Match 42107894
Overview
Messages
Build Orders
End
Kradschützen Motorcycle Team
Panzerpioneer Squad
Panzerpioneer Squad
250 Light Carrier
Construct Light Support Kompanie
MG34 Team
Panzerpioneer Squad
Fire Support Elements
Selects Panzerjäger Kommand Battlegroup
Selects GrB 39 Grenade Launcher Requisition
Selects Mine Fields
Vehicle Survival Package
2.5-tonne Medical Truck
Panzerjäger Mechanized Group
Flakvierling Half-track
Construct Mechanized Kompanie
Construct Panzerarmee Kommand
Panzerpioneer Squad
Selects Crew Shock Tactics
Selects Anti-tank Overwatch
[HAN]Diederick Kastner
Dylan Il Bellissimo Arrogante
艾西西233
한글
Yellowdurr
Petranodon
HeroSandwich
CaptainFireBall
0
0
Comments
sign in to comment!
No comments posted yet!